 Dungeon Crawl Stone Soup version 0.23.2-40-g277498a001 (webtiles) character file.

Game seed: 2015958073986129390

114545 4FPSwarrior the Blocker (level 16, -8/145 HPs)
             Began as an Ogre Wizard on Oct 20, 2019.
             Was the Champion of Hepliaklqana.
             Mangled by a harpy (10 damage)
             ... on level 2 of the Shoals on Oct 22, 2019.
             The game lasted 04:48:37 (39179 turns).

4FPSwarrior the Blocker (Ogre Wizard)              Turns: 39179, Time: 04:48:37

Health: -8/145     AC:  9    Str: 17    XL:     16   Next: 66%
Magic:  15/30      EV: 11    Int: 23    God:    Hepliaklqana [******]
Gold:   2086       SH: 17    Dex:  9    Spells: 16/36 levels left

rFire    + . .     SeeInvis .   a - +3 whip (elec)
rCold    . . .     Gourm    .   G - +0 large shield
rNeg     . . .     Faith    .   r - +1 robe {rF+}
rPois    +         Spirit   .   u - +2 hat {Int+3}
rElec    .         Reflect  .   C - +2 cloak
rCorr    .         Harm     .   (gloves unavailable)
MR       +....                  (boots unavailable)
Stlth    +.........             v - amulet of regeneration
HPRegen  0.74/turn              y - ring of poison resistance
MPRegen  0.22/turn              N - +3 ring of evasion

@: very slightly contaminated
A: large, unfitting armour, reduced essence, tough skin 1
a: Recall Ancestor, Ancestor Identity, Transference, Idealise, Renounce Religion


You were on level 2 of the Shoals.
You worshipped Hepliaklqana.
Hepliaklqana was exalted by your worship.
You were hungry.

You visited 6 branches of the dungeon, and saw 28 of its levels.
You also visited: Ice Cave and Volcano.

You collected 2156 gold pieces.
You spent 70 gold pieces at shops.

Inventory:

Hand Weapons
 a - a +3 whip of electrocution (weapon)
 Z - a +6 blowgun
Missiles
 I - 16 curare-tipped needles
 K - 6 throwing nets
 V - 2 javelins of returning
 W - 5 silver tomahawks
 Y - 50 large rocks (quivered)
Armour
 r - a +1 robe of fire resistance (worn)
 u - a +2 hat of intelligence (worn)
 C - a +2 cloak (worn)
 G - a +0 large shield (worn)
 T - a +1 robe of positive energy
Jewellery
 i - an uncursed ring of resist corrosion
 v - an amulet of regeneration (around neck)
 y - a ring of poison resistance (left hand)
 N - a +3 ring of evasion (right hand)
 Q - an uncursed ring of positive energy
Wands
 f - a wand of polymorph (14)
 k - a wand of clouds (5)
 w - a wand of flame (17)
 z - a wand of iceblast (21)
 F - a wand of digging (7)
 R - a wand of disintegration (6)
 U - a wand of paralysis (13)
Scrolls
 b - 2 scrolls of holy word {unknown}
 c - 3 scrolls of teleportation
 e - 3 scrolls of blinking
 g - 8 scrolls of remove curse
 h - a scroll of summoning {unknown}
 j - 3 scrolls of acquirement {unknown}
 m - 3 scrolls of enchant weapon
 n - 2 scrolls of fog
 p - 2 scrolls of fear {unknown}
 q - 8 scrolls of magic mapping
 x - 6 scrolls of enchant armour
 H - a scroll of random uselessness {unknown}
 P - a scroll of torment {unknown}
 X - a scroll of brand weapon {unknown}
Potions
 l - a potion of heal wounds
 o - 3 potions of haste
 s - 4 potions of magic
 t - 5 potions of mutation
 A - 3 potions of curing
 B - 3 potions of invisibility
 D - 2 potions of berserk rage
 E - 2 potions of ambrosia
 L - a potion of brilliance
 M - 2 potions of might
 O - a potion of agility
 S - 3 potions of resistance
Comestibles
 d - 30 rations


   Skills:
 - Level 11.0 Fighting
 - Level 7.0 Maces & Flails
 + Level 8.4 Throwing
 - Level 1.7 Dodging
 - Level 1.4 Stealth
 * Level 11.4 Shields
 + Level 10.5 Spellcasting
 + Level 11.2 Conjurations
 + Level 2.9 Charms
   Level 0.8 Summonings
 - Level 3.0 Translocations
 - Level 7.3 Fire Magic
 + Level 9.6 Air Magic
 - Level 8.0 Poison Magic
 + Level 7.4 Invocations


You had 16 spell levels left.
You knew the following spells:

 Your Spells              Type           Power        Failure   Level  Hunger
a - Magic Dart            Conj           ####         1%          1    None
b - Conjure Flame         Conj/Fire      ######..     1%          3    None
c - Blink                 Tloc           N/A          4%          2    None
d - Mephitic Cloud        Conj/Pois/Air  ######..     1%          3    None
e - Lightning Bolt        Conj/Air       ######....   4%          5    ####...
f - Airstrike             Air            ######....   2%          4    #......
g - Swiftness             Chrm/Air       #####...     1%          2    None

Your spell library contained the following spells:

 Spells                   Type           Power        Failure   Level  Hunger
 Shock                    Conj/Air       ####         1%          1    None
 Static Discharge         Conj/Air       ######..     1%          3    None
 Call Imp                 Summ           ###.....     12%         2    None
 Slow                     Hex            ##......     17%         2    None
 Alistair's Intoxication  Tmut/Pois      ####....     52%         5    ####...
 Ignition                 Fire           #####.....   100%        8    #######
 Shatter                  Erth           ##........   100%        9    #######
 Tornado                  Air            ######....   100%        9    #######


Dungeon Overview and Level Annotations

Branches:
Dungeon (15/15)            Temple (1/1) D:5            Lair (6/6) D:8
 Shoals (2/4) Lair:2        Snake (2/4) Lair:2        Slime (0/5) Lair:5
    Orc (2/2) D:9             Elf (0/3) Orc:2        Vaults (0/5) D:14
 Depths (0/5) D:15

Altars:
Ashenzari
Cheibriados
Dithmenos
Elyvilon
Fedhas
Gozag
Hepliaklqana
Kikubaaqudgha
Makhleb
Nemelex Xobeh
Okawaru
Qazlal
Ru
Sif Muna
Trog
Uskayaw
Vehumet
Wu Jian
Xom
Yredelemnul
Zin
The Shining One
Beogh
Jiyva
Lugonu

Shops:
D:4 :%%   D:12 [   D:13 (   D:15 *   Orc:2 [*(%[:?[

Annotations:
D:8 2 transporters
Lair:2 3 runed translucent doors, Curus's ghost, journeyman MiFi
Lair:4 exclusion: 2 oklob plants
Lair:5 4 runed translucent doors, exclusion: door, Qoypruj's ghost, journeyman MiGl
Lair:6 exclusion: 2 oklob plants
Shoals:2 Louise


Innate Abilities, Weirdness & Mutations

You are too large for most types of armour.
You have tough skin. (AC +1)
Your life essence is reduced to manifest your ancestor. (-10% HP)


Message History

Okay, then.
Okay, then.
Blink to where?
Press: ? - help, Dir - move target cursor You are very lightly contaminated with residual magic.
As you read the scroll of blinking, it crumbles to dust.
You block the sea snake's attack. The harpy claws you!
The harpy barely misses you. The wind drake bites you.
Huemac hits the harpy with a +0 dagger of draining!
You block the harpy's attack. x2
The harpy claws you! x2
* * * LOW HITPOINT WARNING * * *
You block the harpy's attack. x2; The sea snake bites you!!
* * * LOW HITPOINT WARNING * * *
The harpy claws you!
* * * LOW HITPOINT WARNING * * *
The harpy misses you. You block the harpy's attack. The harpy claws you.
* * * LOW HITPOINT WARNING * * *
The wind drake misses you. The harpy barely misses you. The harpy claws you!
You die...

#...........(..
...##....≈≈......$.
.......≈≈≈≈≈.......
≈....≈≈≈{≈≈.≈.≈≈≈..
≈..?≈≈≈≈≈≈≈..≈≈≈≈..
....≈≈≈≈≈R≈§≈≈≈≈≈..
≈.≈≈≈≈≈≈≈≈H≈≈≈≈≈...
≈≈≈≈≈≈≈≈≈HSk≈≈≈≈...
≈≈≈≈≈≈≈.≈H@H≈≈≈≈...
≈≈≈≈≈≈≈...≈H≈≈≈≈≈..
≈≈≈≈≈≈≈...≈≈≈≈≈≈≈≈≈
≈≈≈≈.≈....≈≈≈≈≈≈≈≈≈
≈≈≈≈≈≈≈≈≈≈≈≈≈≈≈≈≈≈≈
≈≈≈≈≈≈≈≈≈≈≈≈≈≈≈≈≈≈≈
≈≈≈≈≈≈≈≈≈≈≈≈≈≈≈≈≈≈
≈≈≈≈≈≈≈≈≈≈≈≈≈≈≈≈≈≈
≈≈≈≈≈≈≈≈≈≈≈≈≈≈≈


You could see the friendly Huemac the hexer, a sea snake, a wind drake and 5
harpies.

Vanquished Creatures
  Jorgrun (Orc:1)
  Gastronok (Lair:2)
  An orc warlord (Orc:1)
  Josephine (D:12)
  5 hydras
  A vault guard (D:14)
  2 naga warriors (Snake:1)
  2 centaur warriors
  A two-headed ogre (D:8)
  A merfolk avatar (Shoals:1)
  An anaconda (Snake:1)
  Erica (Lair:2)
  3 tengu warriors
  Urug (Lair:4)
  An ogre mage (D:15)
  3 death yaks (Lair:6)
  2 orc high priests (Orc:2)
  Nergalle (Lair:4)
  Sonja (Orc:2)
  The ghost of Martska the Nimble, a novice MfIE of Okawaru (D:11)
  A sea snake (Shoals:1)
  6 orc knights
  4 harpies (Shoals:1)
  6 ugly things
  A wolf spider zombie (D:13)
  A mana viper (Snake:1)
  5 manticores
  A wolf spider (D:14)
  2 deep elf magi
  2 fauns (Shoals:1)
  2 salamanders (Snake:1)
  9 cyclopes
  3 orc sorcerers
  3 elephants
  3 black mambas
  4 merfolk sirens
  A centaur zombie (D:14)
  A torpor snail (Lair:6)
  A guardian serpent (Snake:1)
  A gargoyle (D:14)
  7 naga magi (Snake:1)
  3 rime drakes
  6 spiny frogs
  An efreet (D:13)
  An ice statue (IceCv)
  4 anaconda simulacra (IceCv)
  5 komodo dragons
  2 yaktaurs (D:14)
  2 golden dragon simulacra (IceCv)
  5 freezing wraiths (IceCv)
  5 ice devils (IceCv)
  3 meliai (D:15)
  2 tengu conjurers
  3 merfolk
  7 trolls
  6 blink frogs
  7 slime creatures
  5 hippogriffs
  3 snapping turtles (Shoals:1)
  3 dream sheep
  6 redbacks (D:14)
  4 wraiths
  36 yaks
  3 hogs (Shoals:1)
  A dire elephant simulacrum (IceCv)
  14 humans (D:14)
  2 water elementals
  3 basilisks
  Eustachio (D:5)
  6 vampire mosquitoes
  Grum (D:8)
  10 nagas
  4 hydra simulacra (IceCv)
  An iron troll simulacrum (IceCv)
  3 harpy simulacra (IceCv)
  2 wargs (D:15)
  2 acid dragons (D:11)
  5 water moccasins
  4 porcupines
  A black bear (D:10)
  2 hell hounds (Lair:5)
  24 orc warriors
  2 ice beasts
  A sky beast (D:6)
  2 phantoms
  2 necrophages
  8 ogres
  9 centaurs
  10 wolves
  10 crocodiles
  2 big kobolds
  14 bullfrogs
  An earth elemental (Volcano)
  A gnoll sergeant (D:10)
  A wyvern skeleton (D:13)
  3 scorpions
  15 wights
  5 killer bees (D:10)
  4 electric eels (D:12)
  2 vampire bats (D:9)
  A draconian simulacrum (IceCv)
  2 howler monkeys
  2 bullfrog zombies
  6 crimson imps
  A quasit (D:13)
  2 jellies
  9 hounds
  12 orc priests
  7 centaur skeletons
  A bullfrog skeleton (D:12)
  15 hexers
  4 iguanas
  15 orc wizards
  10 worker ants
  4 troll simulacra (IceCv)
  A wolf simulacrum (IceCv)
  A centaur simulacrum (IceCv)
  A hound zombie (D:5)
  A hound skeleton (D:4)
  A howler monkey zombie (D:5)
  3 gnolls (D:10)
  An ogre simulacrum (IceCv)
  6 adders
  5 naga simulacra (IceCv)
  2 shadow imps
  9 white imps (IceCv)
  2 ufetubi (IceCv)
  3 oozes (D:1)
  An adder skeleton (D:4)
  2 worms (D:2)
  2 dart slugs (D:1)
  6 leopard geckos
  62 orcs
  5 bat skeletons (D:9)
  2 bat zombies (D:9)
  5 giant cockroaches
  8 goblins
  4 hobgoblins
  13 jackals
  4 quokkas
  3 ball pythons
  3 bats
  2 frilled lizards
  14 kobolds
  A leopard gecko zombie (D:6)
  A quokka skeleton (D:6)
  9 rats
  A plant (Lair:6)
670 creatures vanquished.

Vanquished Creatures (collateral kills)
  Kirke (Shoals:1)
  Aizul (Snake:1)
  An ettin (D:15)
  A vault guard (D:14)
  Harold (D:9)
  A hydra (Lair:6)
  A catoblepas (Lair:6)
  A centaur warrior (D:11)
  A two-headed ogre (D:11)
  A tengu warrior (D:14)
  An orc high priest (Orc:2)
  2 sea snakes (Shoals:1)
  An unseen horror (D:15)
  2 orc knights
  An orc sorcerer (Orc:2)
  3 cyclopes
  3 black mambas
  A toenail golem (Volcano)
  A naga mage (Snake:1)
  2 merfolk sirens (Lair:2)
  2 centaur skeletons
  2 spiny frogs
  A guardian serpent (shapeshifter) (D:14)
  3 komodo dragons
  A yaktaur (D:15)
  An ice devil (IceCv)
  A troll (Orc:2)
  3 merfolk
  A polar bear (Lair:6)
  A harpy skeleton (D:15)
  4 hippogriffs
  A slime creature (D:14)
  2 dream sheep (Lair:6)
  A blink frog (Lair:6)
  10 yaks
  A shadow (D:15)
  2 redbacks (D:14)
  A wyvern (Lair:5)
  A basilisk (D:8)
  6 humans (D:14)
  3 hogs (Shoals:1)
  A vampire mosquito (D:15)
  4 nagas (Snake:1)
  A harpy simulacrum (IceCv)
  A warg (Orc:2)
  3 water moccasins
  A soldier ant (D:12)
  Duvessa (D:4)
  2 porcupines
  6 orc warriors
  2 ice beasts
  2 black bears
  4 ogres
  5 centaurs
  2 wolves
  6 crocodiles
  A big kobold (D:6)
  A bullfrog (D:11)
  A scorpion (D:9)
  Dowan (D:4)
  3 wights
  A howler monkey (D:4)
  3 crimson imps
  2 jellies
  7 orc priests
  A bullfrog skeleton (D:10)
  3 hounds
  5 worker ants
  9 orc wizards
  A spriggan simulacrum (IceCv)
  4 adders
  An ogre simulacrum (IceCv)
  2 shadow imps (D:10)
  A white imp (IceCv)
  An ooze (D:2)
  2 worms
  A leopard gecko (D:9)
  14 orcs
  2 giant cockroaches (D:3)
  A jackal (D:7)
  2 quokkas
  A kobold (D:11)
  A quokka zombie (D:6)
188 creatures vanquished.

Vanquished Creatures (others)
  A hound (D:5)
  26 hexers
  An orc (Orc:2)
  9 ancestors
  11 fungi
  10 plants
58 creatures vanquished.

Grand Total: 916 creatures vanquished

Notes
Turn   | Place    | Note
-------+----------+-------------------------------------------
     0 | D:1      | 4FPSwarrior the Ogre Wizard began the quest for the Orb.
     0 | D:1      | Reached XP level 1. HP: 16/16 MP: 5/5
    10 | D:1      | Reached skill level 1 in Conjurations
   124 | D:1      | Reached skill level 1 in Fighting
   124 | D:1      | Reached XP level 2. HP: 17/27 MP: 0/6
   712 | D:1      | Reached XP level 3. HP: 35/35 MP: 1/8
  1354 | D:2      | Found a hazy altar of Hepliaklqana.
  1374 | D:2      | Became a worshipper of Hepliaklqana the Forgotten
  1591 | D:2      | Found a faded altar of an unknown god.
  1744 | D:2      | Reached XP level 4. HP: 39/39 MP: 0/10
  2315 | D:2      | Found a white marble altar of Elyvilon.
  2462 | D:3      | Learned a level 2 spell: Blink
  2466 | D:3      | Learned a level 3 spell: Conjure Flame
  2470 | D:3      | Learned a level 3 spell: Mephitic Cloud
  2859 | D:3      | Reached * piety under Hepliaklqana
  2929 | D:3      | Reached skill level 1 in Translocations
  2929 | D:3      | Reached XP level 5. HP: 20/46 MP: 5/11
  3219 | D:2      | HP: 1/47 [something (3)]
  3579 | D:3      | Reached skill level 1 in Throwing
  3819 | D:3      | Reached skill level 1 in Air Magic
  3843 | D:3      | Reached skill level 1 in Poison Magic
  3843 | D:3      | Reached XP level 6. HP: 39/54 MP: 2/13
  4457 | D:4      | Found a snail-covered altar of Cheibriados.
  4534 | D:4      | Found Soufaune's Food Emporium.
  4763 | D:4      | Reached skill level 5 in Spellcasting
  4778 | D:4      | Found Enuulu's Food Boutique.
  4787 | D:4      | Found Illotar's Book Shoppe.
  5235 | D:4      | Reached XP level 7. HP: 61/63 MP: 14/14
  5485 | D:4      | Noticed Dowan
  5628 | D:5      | Entered Level 5 of the Dungeon
  5790 | D:5      | Reached skill level 1 in Maces & Flails
  6228 | D:5      | Noticed Eustachio
  6462 | D:5      | Killed Eustachio
  6462 | D:5      | Reached XP level 8. HP: 64/71 MP: 13/16
  6499 | D:5      | Reached skill level 5 in Fighting
  6894 | D:5      | Reached ** piety under Hepliaklqana
  6895 | D:5      | Remembered your ancestor Huemac as a hexer
  7167 | D:5      | Found a staircase to the Ecumenical Temple.
  7176 | Temple   | Entered the Ecumenical Temple
  7577 | D:6      | Reached skill level 1 in Shields
  7685 | D:6      | Reached XP level 9. HP: 77/80 MP: 9/18
  8221 | D:6      | Found a burning altar of Makhleb.
  8695 | D:7      | Reached *** piety under Hepliaklqana
  9387 | D:8      | Found a bloodstained altar of Trog.
  9403 | D:8      | Noticed a two-headed ogre
  9420 | D:8      | Killed a two-headed ogre
  9420 | D:8      | Reached XP level 10. HP: 27/91 MP: 4/20
  9596 | D:8      | Found a transporter.
  9596 | D:8      | Found a transporter.
  9596 | D:8      | Noticed a red ugly thing
  9597 | D:8      | Noticed a red ugly thing
  9598 | D:8      | Found a corrupted altar of Lugonu.
  9599 | D:8      | Noticed an orb spider
  9601 | D:8      | Noticed a brown ugly thing
  9933 | D:8      | Noticed an elephant
  9938 | D:8      | Found an iron altar of Okawaru.
  9995 | D:8      | Noticed Grum
 10021 | D:8      | Killed Grum
 10025 | D:8      | Noticed a black mamba
 10131 | D:8      | Reached skill level 5 in Conjurations
 10203 | D:8      | Killed an elephant
 10384 | D:8      | Found a staircase to the Lair.
 10507 | D:9      | Noticed Harold
 10517 | D:8      | Reached skill level 5 in Throwing
 11304 | D:9      | Found a bloodstained altar of Trog.
 11403 | D:9      | Found an opulent altar of Gozag.
 11658 | D:8      | Reached skill level 5 in Poison Magic
 11917 | D:9      | HP: 4/93 [acid (13)]
 12162 | D:9      | Killed Harold
 12162 | D:9      | Reached skill level 5 in Air Magic
 12162 | D:9      | Reached XP level 11. HP: 91/99 MP: 0/22
 12344 | D:9      | Found a staircase to the Orcish Mines.
 12433 | D:9      | Found an ancient bone altar of Kikubaaqudgha.
 12504 | D:10     | Entered Level 10 of the Dungeon
 13043 | D:10     | Noticed a purple ugly thing
 13051 | D:10     | Killed a purple ugly thing
 13188 | D:10     | Reached skill level 5 in Maces & Flails
 13369 | D:10     | Reached **** piety under Hepliaklqana
 14177 | Lair:1   | Entered Level 1 of the Lair of Beasts
 14503 | Lair:1   | Reached skill level 1 in Invocations
 14672 | Lair:1   | Reached skill level 1 in Fire Magic
 15188 | Lair:1   | Reached XP level 12. HP: 107/110 MP: 19/24
 15198 | Lair:1   | Reached skill level 5 in Shields
 15705 | Lair:2   | Noticed Gastronok
 15716 | Lair:2   | Noticed Erica
 15745 | Lair:2   | Found a runed translucent gate.
 15745 | Lair:2   | Found a runed translucent gate.
 15745 | Lair:2   | Found a runed translucent gate.
 15746 | Lair:2   | Noticed Curus's ghost (journeyman MiFi)
 15772 | Lair:2   | Found a staircase to the Snake Pit.
 15934 | Lair:2   | Found a staircase to the Shoals.
 16067 | Lair:2   | Killed Gastronok
 16167 | Lair:2   | Reached ***** piety under Hepliaklqana
 16334 | Lair:2   | Killed Erica
 16898 | Lair:3   | Noticed an eight-headed hydra
 16921 | Lair:3   | Killed an eight-headed hydra
 18192 | Lair:4   | Reached XP level 13. HP: 119/119 MP: 12/26
 18197 | Lair:4   | Reached skill level 10 in Fighting
 18380 | Lair:4   | Noticed Urug
 18506 | Lair:4   | Noticed Nergalle
 18526 | Lair:4   | Killed Nergalle
 18581 | Lair:4   | Killed Urug
 19150 | Lair:5   | Found a dark tunnel.
 19306 | Volcano  | Entered a volcano
 19630 | Lair:5   | Found a runed translucent gate.
 19630 | Lair:5   | Found a runed translucent gate.
 19630 | Lair:5   | Found a runed translucent gate.
 20408 | Lair:5   | Found a viscous altar of Jiyva.
 20408 | Lair:5   | Noticed an azure jelly
 20408 | Lair:5   | Noticed an azure jelly
 20414 | Lair:5   | Found a runed translucent door.
 20414 | Lair:5   | Noticed an azure jelly
 20414 | Lair:5   | Noticed an azure jelly
 20416 | Lair:5   | Noticed an azure jelly
 20419 | Lair:5   | Found a staircase to the Slime Pits.
 20498 | Lair:5   | Noticed Qoypruj's ghost (journeyman MiGl)
 20567 | Lair:6   | Entered Level 6 of the Lair of Beasts
 21260 | Lair:6   | Reached skill level 5 in Invocations
 21411 | Lair:6   | Learned a level 5 spell: Lightning Bolt
 22170 | Lair:6   | Reached skill level 5 in Fire Magic
 22170 | Lair:6   | Reached XP level 14. HP: 108/129 MP: 16/27
 22634 | Orc:1    | Entered Level 1 of the Orcish Mines
 22634 | Orc:1    | Noticed Jorgrun
 22696 | Orc:1    | Killed Jorgrun
 23087 | Orc:1    | Found a roughly hewn altar of Beogh.
 23226 | Orc:2    | Entered Level 2 of the Orcish Mines
 23243 | Orc:2    | Noticed Sonja
 23396 | Orc:2    | Killed Sonja
 23636 | Orc:2    | Found a staircase to the Elven Halls.
 23637 | Orc:2    | Found Haaron's Antique Armour Boutique.
 23751 | Orc:2    | Found Leshrir's Magic Scroll Boutique.
 23753 | Orc:2    | Found Xumowairgh's Book Emporium.
 23789 | Orc:2    | Noticed an orc warlord
 23981 | Orc:1    | Killed an orc warlord
 24596 | Orc:2    | Found Zitox's Assorted Antiques.
 24625 | Orc:2    | Bought a scroll labeled IFAKOA CORROA for 35 gold pieces
 24625 | Orc:2    | Bought a scroll labeled OPUIWKOGGE for 35 gold pieces
 25003 | Orc:2    | Paralysed by an orc sorcerer for 2 turns
 25232 | Orc:2    | Found Helav's Armour Emporium.
 25232 | Orc:2    | Found Dottihu's Antique Armour Boutique.
 25243 | Orc:2    | Found Megarhu's Food Emporium.
 25243 | Orc:2    | Found Hoec's Antique Weapon Boutique.
 25463 | D:4      | Noticed Duvessa
 25469 | D:4      | Killed Dowan
 25475 | D:4      | Killed Duvessa
 26497 | D:11     | Found a runed translucent gate.
 26498 | D:11     | Found a runed translucent gate.
 26498 | D:11     | Found an opulent altar of Gozag.
 26500 | D:11     | Found a runed translucent gate.
 26503 | D:11     | Noticed Martska's ghost (novice MfIE)
 26942 | D:11     | Killed Martska's ghost
 27540 | D:12     | Found Pipnidich's Antique Armour Shop.
 27873 | D:12     | Noticed Josephine
 27882 | D:12     | Killed Josephine
 27882 | D:12     | Reached XP level 15. HP: 128/137 MP: 3/28
 28381 | D:13     | Found Tylu's Antique Weapon Emporium.
 28927 | D:13     | Reached skill level 10 in Spellcasting
 29902 | D:14     | Reached skill level 10 in Conjurations
 30276 | D:14     | Found a gate to the Vaults.
 30527 | D:14     | Reached skill level 10 in Shields
 30703 | D:15     | Entered Level 15 of the Dungeon
 30926 | D:15     | Learned a level 4 spell: Airstrike
 30929 | D:15     | Learned a level 2 spell: Swiftness
 31714 | D:15     | Paralysed by an orc sorcerer for 7 turns
 32116 | D:15     | Found Xiyvaadgh's General Store.
 32374 | D:15     | Found a staircase to the Depths.
 32842 | Snake:1  | Entered Level 1 of the Snake Pit
 32914 | Snake:1  | Noticed Aizul
 32935 | Snake:1  | Killed Aizul
 33445 | Snake:1  | Reached ****** piety under Hepliaklqana
 33773 | Snake:1  | Reached XP level 16. HP: 123/145 MP: 4/30
 34461 | Snake:1  | Identified Sif Muna's Guide on Nocuous Weightlessness
 34518 | Snake:1  | Reached skill level 1 in Charms
 35224 | Snake:2  | Noticed a nagaraja
 35315 | Shoals:1 | Entered Level 1 of the Shoals
 35402 | Shoals:1 | Found a frozen archway.
 35433 | IceCv    | Entered an ice cave
 37541 | IceCv    | Noticed an Ice Fiend
 38188 | Shoals:1 | Killed Kirke
 39175 | Shoals:2 | Noticed Louise
 39179 | Shoals:2 | HP: 7/145 [harpy (14)]
 39179 | Shoals:2 | HP: 2/145 [harpy (5)]
 39179 | Shoals:2 | Mangled by a harpy

Skill      XL: |  1  2  3  4  5  6  7  8  9 10 11 12 13 14 15 16 |
---------------+-------------------------------------------------+-----
Conjurations   | 1 2 3 4 5 6 7 9 10 11 | 11.2
Fighting       | 1 2 3 4 5 7 8 9 10 11 | 11.0
Spellcasting   | 4 5 6 7 8 9 10 | 10.5
Translocations | 1 2 3 |  3.0
Throwing       | 1 2 3 4 5 6 7 8 |  8.4
Air Magic      | 1 2 3 4 5 6 7 8 9 |  9.6
Poison Magic   | 1 2 3 4 5 6 7 8 |  8.0
Maces & Flails | 1 2 3 4 5 6 7 |  7.0
Shields        | 1 2 4 5 7 9 10 11 | 11.4
Invocations    | 2 4 5 6 7 |  7.4
Fire Magic     | 1 3 5 6 7 |  7.3
Charms         | 2 |  2.9
Dodging        | |  1.7
Stealth        | |  1.4
Summonings     | |  0.8

Action                   |  1- 3 |  4- 6 |  7- 9 | 10-12 | 13-15 | 16-18 || total
-------------------------+-------+-------+-------+-------+-------+-------++-------
Melee: Unarmed           |     2 |       |       |       |       |    12 ||    14
       Mace              |    24 |    43 |       |       |       |       ||    67
       Whip              |       |     3 |   140 |   350 |  1001 |   297 ||  1791
Throw: Javelin           |       |     2 |       |    12 |    47 |    10 ||    71
       Large rock        |       |       |       |       |    69 |    27 ||    96
       Tomahawk          |       |       |       |       |    13 |       ||    13
 Cast: Magic Dart        |    97 |   132 |   210 |   412 |   402 |   113 ||  1366
       Conjure Flame     |       |     1 |     2 |    31 |    61 |    32 ||   127
       Mephitic Cloud    |       |       |    12 |    63 |   131 |    20 ||   226
       Blink             |       |       |       |    10 |     1 |       ||    11
       Lightning Bolt    |       |       |       |       |    63 |    25 ||    88
       Airstrike         |       |       |       |       |    32 |    48 ||    80
Invok: Ancestor Life: He |       |       |     1 |       |       |       ||     1
       Recall Ancestor   |       |       |       |     1 |     3 |     1 ||     5
       Idealise          |       |       |       |       |     3 |     1 ||     4
       Transference      |       |       |       |       |     3 |       ||     3
Evoke: Wand              |       |       |       |     1 |    24 |     6 ||    31
  Use: Scroll            |       |     2 |     4 |    14 |    12 |     4 ||    36
       Potion            |       |       |     2 |     4 |     6 |     3 ||    15
 Stab: Sleeping          |     1 |       |       |       |       |       ||     1
       Distracted        |       |       |     2 |     4 |     6 |     1 ||    13
       Confused          |       |       |     4 |    21 |    43 |     7 ||    75
       Paralysed         |       |       |       |       |    18 |    43 ||    61
  Eat: Chunk             |     2 |     7 |    14 |    24 |    37 |     4 ||    88
       Ration            |       |     1 |       |     1 |     8 |     5 ||    15
Armor: Robe              |     8 |    17 |    36 |    61 |   102 |    40 ||   264
       Troll leather arm |       |       |       |       |     5 |       ||     5
Dodge: Dodged            |    40 |    28 |    85 |   205 |   202 |    91 ||   651
Block: Large shield      |       |       |       |       |   541 |   200 ||   741
